 Dungeon Crawl Stone Soup version 0.30.1-4-g462c640d31 (webtiles) character file.

Game seed: 11093704718907564267

6494 Zeor the Poker (level 10, -23/79 (84) HPs)
             Began as a Yellow Draconian Reaver on Sept 1, 2023.
             Engulfed by a cloud of flame (25 damage)
             ... on level 8 of the Dungeon.
             The game lasted 00:36:41 (9985 turns).

Zeor the Poker (Yellow Draconian Reaver)            Turns: 9985, Time: 00:36:43

HP:   -23/79 (84)   AC: 12    Str: 15    XL:     10   Next: 68%
MP:   9/20          EV: 14    Int: 22    God:
Gold: 540           SH:  0    Dex: 11    Spells: 2/22 levels left

rFire   . . .        a - +5 Force Lance {heavy, knockback}
rCold   . . .        (no shield)
rNeg    . . .        (body armour unavailable)
rPois   .            (helmet restricted)
rElec   .            m - +2 cloak
rCorr   +            e - +1 pair of gloves
SInv    .            (no boots)
Will    .....        (no amulet)
Stlth   ++           q - +6 ring of intelligence
HPRegen 0.33/turn    u - ring of wizardry
MPRegen 0.17/turn

%: wizardry (x1)
@: drained
A: spit acid, AC +7, unfitting armour, cold-blooded, acid resistance
a: Breathe Acid


You were on level 8 of the Dungeon.
You visited 2 branches of the dungeon, and saw 9 of its levels.
You also visited: Ossuary.

You collected 540 gold pieces.

Inventory:

Hand Weapons
 a - the +5 Force Lance (weapon) {heavy, knockback}
   (You found it on level 4 of the Dungeon)
 h - a +1 spectral great sword
 k - a +4 great sword of freezing
 z - a +2 halberd
Missiles
 f - 2 curare-tipped darts
 i - 24 poisoned darts
Armour
 e - a +1 pair of gloves (worn)
 m - a +2 cloak (worn)
Magical Staves
 b - the staff of conjuration "Faiddari" {rCorr Int+2}
   (You found it on level 6 of the Dungeon)

   [staff of conjuration]

   Base accuracy: +5 Base damage: 5 Base attack delay: 1.2 This weapon's minimum
   attack delay (0.6) is reached at skill level 12.
   Int:       It affects your intelligence (+2).
   rCorr:     It protects you from acid and corrosion.
   It falls into the 'Staves' category.
   It is a one-handed weapon.
Jewellery
 p - a ring of protection from fire
 q - a +6 ring of intelligence (left hand)
 u - a ring of wizardry (right hand)
Wands
 w - a wand of roots (5)
Scrolls
 l - 3 scrolls of magic mapping
 n - 2 scrolls of blinking
 o - 2 scrolls of teleportation
 y - a scroll of enchant weapon
 A - 2 scrolls of poison
Potions
 c - a potion of cancellation
 d - 2 potions of flight
 g - 2 potions of curing
 j - 3 potions of haste
 r - 2 potions of ambrosia
 s - a potion of heal wounds {unknown}
 t - a potion of might
 v - 2 potions of lignification
 x - 2 potions of brilliance


   Skills:
 + Level 6.4 Fighting
 + Level 7.1 Long Blades
 * Level 7.9 Polearms
 * Level 7.5 Dodging
 - Level 1.8 Stealth
 * Level 6.9 Spellcasting
 * Level 7.6 Conjurations
 + Level 0.1 Necromancy
 + Level 1.5 Translocations
 + Level 0.4 Ice Magic


You had 2 spell levels left.
You knew the following spells:

 Your Spells              Type           Power      Damage    Failure   Level
a - Ozocubu's Armour      Ice            9%         N/A       9%          3
c - Confusing Touch       Hex            7%         N/A       11%         3
f - Sticky Flame          Conj/Fire      24%        2d5       7%          4
h - Hailstorm             Conj/Ice       25%        3d7       1%          3
k - Kiss of Death         Conj/Necr      96%        2d12      1%          1
s - Momentum Strike       Conj/Tloc      54%        3d9       1%          2
w - Flame Wave            Conj/Fire      24%        2d8       7%          4

Your spell library contained the following spells:

 Spells                   Type           Power      Damage    Failure   Level
 Slow                     Hex            28%        N/A       3%          1
 Inner Flame              Hex/Fire       7%         N/A       10%         3
 Vampiric Draining        Necr           8%         2d6       10%         3
 Metabolic Englaciation   Hex/Ice        4%         N/A       61%         5
 Simulacrum               Ice/Necr       4%         N/A       98%         6


Dungeon Overview and Level Annotations

Branches:
Dungeon (8/15)             Temple (1/1) D:5         Ossuary (visited)
   Lair: D:8-11

Altars:
Ashenzari
Cheibriados
Dithmenos
Elyvilon
Fedhas
Gozag
Hepliaklqana
Kikubaaqudgha
Okawaru
Qazlal
Ru
Sif Muna
Trog
Uskayaw
Vehumet
Wu Jian
Xom
Yredelemnul
Zin
The Shining One

Shops:
D:7 (

Annotations:
D:8 2 transporters, TheGhostDragon953's ghost, novice MiBe


Innate Abilities, Weirdness & Mutations

You can spit globs of acid.
Your golden yellow scales are hard. (AC +7)
You cannot fit into any form of body armour.
You are cold-blooded and may be slowed by cold attacks.
You are resistant to acid. (rCorr)


Message History

The wight is moderately damaged.
You are engulfed in blazing flames.
The wight hits you but does no damage. The heat melts your icy armour.
A wave of flame ripples out!
The flame wave engulfs the wight.
You destroy the wight!
The flame wave engulfs the wight!
The wight is heavily damaged.
The tree burns like a torch!
The flame wave engulfs the wight.
The wight is severely damaged.
You finish channelling waves of flame.
You are engulfed in blazing flames.
The heat melts your icy armour.
Found a whip.
Reach: a) +5 Force Lance {heavy, knockback}
Press: ? - help, Dir - move target, f - wight
Aim: a wight, wielding a +0 halberd and wearing a +0 robe (heavily damaged, about 30% to evade the +5 Force Lance)
You reach to attack!
You hit the wight.
The wight is severely damaged.
You are engulfed in blazing flames.
Your icy armour melts away.
* * * LOW HITPOINT WARNING * * *
The wight hits you but does no damage.
Casting: Flame Wave (dangerous; 7% risk of failure)
Confirm with . or Enter, or press ? or * to list all spells.
Casting: Hailstorm (safe; 1% risk of failure)
Press: ? - help, Dir - look around, f - activate A cannonade of hail descends around you!
The hail pelts the wight.
The wight partially resists.
The wight is almost destroyed.
The hail pelts the wight.
The wight partially resists.
The wight is almost destroyed.
You are engulfed in blazing flames.
* * * LOW HITPOINT WARNING * * *
The wight barely misses you.
Reach: a) +5 Force Lance {heavy, knockback}
Press: ? - help, Dir - move target, f - wight
Aim: a wight, wielding a +0 halberd and wearing a +0 robe (almost destroyed, about 30% to evade the +5 Force Lance)
You reach to attack!
You hit the wight.
You destroy the wight!
You are engulfed in blazing flames.
You die...

▒∙∙∙▒∙∙▒∙∙▒∙∙∙∙∙∙∙∙∙▒▒∙∙▒
▒▒▒▒▒▒▒▒∙∙▒∙∙∙∙∙∙∙∙∙∙∙∙∙∙
▒▒∙∙∙∙∙∙∙∙∙∙∙∙∙∙∙∙∙
▒∙∙∙∙∙∙▒∙∙∙∙∙∙∙∙∙∙∙
▒▒▒▒▒▒▒▒▒▒▒▒▒∙∙∙∙∙∙
▒###≈#≈≈≈≈≈≈▒∙∙∙∙∙∙
▒#####∙∙∙∙∙∙'∙∙∙∙∙∙
▒≈####♣♣♣♣♣≈▒∙∙∙∙∙∙
▒≈d####∙∙∙∙≈▒∙∙∙∙∙∙
▒≈####♣♣♣♣∙≈▒∙∙∙∙∙∙
▒#)####∙∙♣∙≈▒∙∙∙∙∙∙
▒≈z####♣∙♣∙≈▒∙∙∙∙∙∙
▒≈z♣#♣♣♣ ♣∙≈▒∙∙∙∙∙∙
▒≈∙♣∙∙ ♣∙≈▒∙∙∙∙∙∙ ▒≈∙♣♣♣♣
▒∙∙∙∙▒∙ ▒≈∙∙ ▒∙∙∙∙▒∙
▒▒∙▒▒▒▒


You could see 2 wights.

Vanquished Creatures
  Grinder (D:4)
  Sigmund (D:3)
  A yak (D:8)
  A steam dragon (D:8)
  Edmund (D:5)
  Menkaure (D:4)
  2 ice beasts
  3 black bears
  A centaur (D:7)
  An ogre (D:4)
  2 phantoms
  5 kobold brigands (D:3)
  A bullfrog (D:8)
  2 scorpions
  20 wights
  An electric eel (D:8)
  3 howler monkeys (D:8)
  4 crimson imps (D:8)
  2 jellies
  3 hounds (D:5)
  10 orc priests
  A sleepcap (D:4)
  An iguana (D:3)
  10 orc wizards
  4 mummies (Ossuary)
  3 gnolls (D:3)
  5 adders
  A shadow imp (D:5)
  A white imp (D:5)
  A worm (D:3)
  A dart slug (D:1)
  25 orcs
  4 bats
  8 endoplasms
  4 giant cockroaches
  15 hobgoblins
  42 kobolds
  A quokka (D:3)
  4 ball pythons
  6 frilled lizards
  4 gnoll skeletons (Ossuary)
  A gnoll zombie (Ossuary)
  6 goblins
  3 goblin skeletons (Ossuary)
  7 goblin zombies (Ossuary)
  6 hobgoblin skeletons (Ossuary)
  9 hobgoblin zombies (Ossuary)
  2 kobold skeletons (Ossuary)
  A kobold zombie (Ossuary)
  7 orc skeletons (Ossuary)
  3 orc zombies (Ossuary)
  4 rats
  3 rat skeletons (Ossuary)
  4 rat zombies (Ossuary)
263 creatures vanquished.

Notes
Turn   | Place    | Note
-------+----------+-------------------------------------------
     0 | D:1      | Zeor the Draconian Reaver began the quest for the Orb.
     0 | D:1      | Reached XP level 1. HP: 17/17 MP: 3/3
    56 | D:1      | Found a faded altar of an unknown god.
   153 | D:1      | Reached XP level 2. HP: 17/24 MP: 5/5
   769 | D:2      | Learned a level 2 spell: Momentum Strike
   840 | D:2      | Reached XP level 3. HP: 29/29 MP: 6/6
  2234 | D:3      | Noticed Sigmund
  2243 | D:3      | Killed Sigmund
  2244 | D:3      | Reached XP level 4. HP: 37/37 MP: 7/7
  2244 | D:3      | Reached XP level 5. HP: 42/42 MP: 8/8
  2361 | D:3      | Reached skill level 5 in Long Blades
  2579 | D:3      | Reached skill level 1 in Stealth
  2579 | D:3      | Reached XP level 6. HP: 17/41 MP: 3/10
  3239 | D:3      | Your scales start taking on a golden yellow colour.
  3239 | D:3      | Reached XP level 7. HP: 9/51 MP: 7/11
  3239 | D:3      | Gained mutation: You are resistant to acid. (rCorr) [Yellow
                  | Draconian growth]
  3430 | D:3      | Learned a level 3 spell: Hailstorm
  3739 | D:3      | Found a blossoming altar of Fedhas.
  4188 | D:4      | Found a sand-covered staircase.
  4193 | Ossuary  | Entered an ossuary
  5052 | D:4      | Identified the +0 chain mail of Privacy {+Blink}
  5307 | D:4      | Found the +5 Force Lance {heavy, knockback}
  5372 | D:4      | Noticed Grinder
  5390 | D:4      | Killed Grinder
  5391 | D:4      | Reached XP level 8. HP: 42/63 MP: 10/13
  5533 | D:4      | Found a glowing golden altar of the Shining One.
  5679 | D:4      | Noticed Menkaure
  5681 | D:4      | Killed Menkaure
  5682 | D:4      | Reached skill level 1 in Polearms
  5969 | D:5      | Entered Level 5 of the Dungeon
  6050 | D:5      | Noticed Edmund
  6061 | D:5      | Killed Edmund
  6222 | D:5      | Reached skill level 1 in Translocations
  6459 | D:5      | Found a staircase to the Ecumenical Temple.
  6477 | Temple   | Entered the Ecumenical Temple
  6752 | D:5      | Learned a level 4 spell: Flame Wave
  6841 | D:5      | Learned a level 4 spell: Sticky Flame
  7179 | D:6      | Reached skill level 5 in Conjurations
  7179 | D:6      | Reached XP level 9. HP: 72/72 MP: 12/15
  7240 | D:6      | Identified the staff of conjuration "Faiddari" {rCorr
                  | Int+2}
  7349 | D:6      | Reached XP level 10. HP: 83/83 MP: 15/19
  8034 | D:7      | Found a stormy altar of Qazlal.
  8250 | D:7      | Found a broken altar of Ashenzari.
  8290 | D:7      | Learned a level 3 spell: Confusing Touch
  8290 | D:7      | Identified the +4 scale mail "Higiq" {rCorr Str+5}
  8409 | D:7      | Found Gumagu's Antique Weapon Shop.
  9213 | D:8      | Found a transporter.
  9213 | D:8      | Noticed TheGhostDragon953's ghost (novice MiBe)
  9216 | D:8      | Found a transporter.
  9238 | D:8      | Learned a level 3 spell: Ozocubu's Armour
  9477 | D:8      | Found a radiant altar of Vehumet.
  9479 | D:8      | Found a shimmering blue altar of Sif Muna.
  9585 | D:8      | Found an iron altar of Okawaru.
  9736 | D:8      | Found a shimmering altar of Xom.
  9984 | D:8      | HP: 2/79 [cloud of flame (17)]
  9985 | D:8      | Engulfed by a cloud of flame

Illustrated notes

Levels and vault maps discovered:
D:1:      dpeg_arrival_rhombus, layout_basic, serial_curves, eino_curves_03,
          eino_curves_02, basic_ecumenical_altar
D:2:      layout_basic
D:3:      minmay_goblin_kobold_castle, layout_loops_ring, marbit_many_paths,
          grunt_ministairs_11, uniq_sigmund
D:4:      layout_basic, kennysheep_mini, nicolae_ossuary_entry_false_entrances,
          uniq_menkaure, uniq_grinder
D:5:      layout_gridville, minmay_temple_entry_large_hall, uniq_edmund
D:6:      layout_cave_pods
D:7:      layout_basic, grunt_qazlal_clouds, mainiacjoe_overflow_paths,
          serial_shops, shop
D:8:      layout_cave_pools, led_xom_imps, lemuel_tele_altar,
          nicolae_overflow_hidden_temple, gammafunk_ghost_arena,
          kennysheep_small_spiral, st_stairs_5, nicolae_kite_square_tiling_tiny,
          sigmund_army
Temple:   minmay_temple_bridge_abc

Skill      XL: |  1  2  3  4  5  6  7  8  9 10 |
---------------+-------------------------------+-----
Dodging        | 2 3 4 7 |  7.5
Long Blades    | 4 5 6 7 |  7.1
Stealth        | 1 |  1.8
Fighting       | 3 4 6 |  6.4
Spellcasting   | 3 4 6 |  6.9
Conjurations   | 4 5 7 |  7.6
Polearms       | 4 6 7 |  7.9
Translocations | 1 |  1.5
Necromancy     | |  0.1
Ice Magic      | |  0.4

Action                     |  1- 3 |  4- 6 |  7- 9 | 10-12 || total
---------------------------+-------+-------+-------+-------++-------
  Melee: Falchion          |   116 |   162 |    47 |       ||   325
         Tailslap          |     5 |    14 |    21 |     8 ||    48
         Punch             |       |     2 |     1 |       ||     3
         Great sword       |       |       |   118 |       ||   118
         Lance             |       |       |    73 |   125 ||   198
   Cast: Momentum Strike   |     5 |    11 |    19 |    16 ||    51
         Kiss of Death     |       |     3 |     1 |       ||     4
         Hailstorm         |       |       |     5 |    11 ||    16
         Flame Wave        |       |       |       |     8 ||     8
         Sticky Flame      |       |       |       |     3 ||     3
         Ozocubu's Armour  |       |       |       |     2 ||     2
Ability: Breathe Acid      |       |       |     8 |     4 ||    12
    Use: Scroll            |     9 |     3 |    10 |     2 ||    24
         Potion            |     1 |     5 |     2 |       ||     8
   Stab: Sleeping          |     1 |       |     2 |     1 ||     4
 Armour: Skin              |    51 |    90 |    69 |    41 ||   251
  Dodge: Dodged            |    81 |   151 |    95 |    93 ||   420
